 Dungeon Crawl Stone Soup version 0.19.0 (webtiles) character file.

7068 CanadianGator the Cleaver (level 10, -6/91 HPs)
             Began as a Minotaur Monk on Nov 23, 2016.
             Was a High Priest of Qazlal.
             Killed by divine providence
             ... invoked by an orc priest
              (16 damage)
             ... on level 1 of the Orcish Mines.
             The game lasted 00:25:52 (6235 turns).

CanadianGator the Cleaver (Minotaur Monk)           Turns: 6235, Time: 00:25:53

Health: -6/91      AC: 21    Str: 23    XL:     10   Next: 83%
Magic:  9/9        EV: 11    Int:  7    God:    Qazlal [*****.]
Gold:   305        SH:  0    Dex: 14    Spells: 0 memorised, 9 levels left

rFire  . . .     SeeInvis .     H - +4 battleaxe
rCold  . . .     Gourm    .     G - +0 plate armour
rNeg   + . .     Faith    .     (shield currently unavailable)
rPois  .         Spirit   .     (helmet restricted)
rElec  .         Reflect  .     n - +2 cloak
rCorr  .         Harm     .     w - +0 pair of gloves
MR     .....                    (no boots)
Stlth  ..........               (no amulet)
                                (no ring)
                                B - ring of positive energy

@: confused, mighty, lethally poisoned (-6 -> -9), protected from physical
damage, very slightly contaminated, hasted, repel missiles, very quick
A: retaliatory headbutt, horns 2
a: Upheaval, Elemental Force, Disaster Area, Renounce Religion


You were on level 1 of the Orcish Mines.
You worshipped Qazlal.
Qazlal was extremely pleased with you.
You were very hungry.

You visited 2 branches of the dungeon, and saw 10 of its levels.

You collected 454 gold pieces.
You spent 149 gold pieces at shops.

Inventory:

Hand Weapons
 y - a +2 war axe of draining
 H - a +4 battleaxe (weapon)
Armour
 h - a +2 leather armour of fire resistance
 m - a +0 ring mail
 n - a +2 cloak (worn)
 w - a +0 pair of gloves (worn)
 G - a +0 plate armour (worn)
Jewellery
 B - a ring of positive energy (left hand)
Wands
 b - a wand of digging (13/24)
Scrolls
 e - 4 scrolls of teleportation
 j - 5 scrolls of remove curse
 l - 2 scrolls of enchant armour
 s - 3 scrolls of amnesia
 t - a scroll of immolation
 u - a scroll of enchant weapon
 x - a scroll of holy word {unknown}
 D - a scroll of recharging {unknown}
 I - a scroll of noise {unknown}
Potions
 f - 2 potions of lignification
 i - 6 potions of curing
 k - a potion of cancellation
 A - a potion of brilliance
Books
 v - a book of Maledictions

   Spells                             Type                      Level
   a - Corona                         Hexes                        1
   b - Ensorcelled Hibernation        Hexes/Ice                    2
   c - Confuse                        Hexes                        3
   d - Tukima's Dance                 Hexes                        3
   e - Dazzling Spray                 Conjuration/Hexes            3
Comestibles
 c - 4 bread rations
 g - 5 slices of pizza
 p - 4 meat rations
 q - 4 fruits
 z - a royal jelly


   Skills:
 + Level 9.5 Fighting
 * Level 12.8 Axes
 + Level 9.0 Armour
 + Level 8.9 Dodging
 - Level 1.5 Stealth


You had 9 spell levels left.
You didn't know any spells.

Dungeon Overview and Level Annotations

Branches:
Dungeon (9/15)             Temple (0/1) D:5             Orc (1/2) D:9
   Lair: D:8-11

Altars:
Cheibriados
Fedhas
Gozag
Kikubaaqudgha
Qazlal
Sif Muna

Shops:
D:4 ?


Innate Abilities, Weirdness & Mutations

You reflexively headbutt those who attack you in melee.
You have a pair of horns on your head.


Message History

You feel sick. The warg bites you but does no damage.
The orc priest calls down the wrath of Beogh upon you.
Beogh smites you!
* * * LOW HITPOINT WARNING * * *
The orc warrior closely misses you.
The orc wizard gestures wildly while chanting.
The orc wizard blinks!
The orc priest hits you but does no damage.
Things that are here:
a mace; a plate armour You slash the orc priest!
You kill the orc priest!
Qazlal accepts your kill.
You miss the warg. You slash the orc!
You kill the orc!
Qazlal accepts your kill.
You feel sick. The warg bites you but does no damage.
The orc priest calls down the wrath of Beogh upon you.
Beogh smites you!
You die...

........##..
....#..#... ...........
.# ....o..... .##
....§...# ...#
.oh§o§###.# #oo)§#..##
. #h).....##
......)#@§§....##
...#.o§o..§...#.##
.........#..#...#
...##.........#.####
### ..
#.............#.####.#
.
......##..........##...
......#
##.#...##..#...# ......
####.##......#. #..
###.........


You could see an orc knight, 2 wargs, 2 orc warriors, 2 orc priests and 2 orcs.

Vanquished Creatures
  Erica (Orc:1)
  The ghost of CanadianGator the Sneak, a novice OpFi of Dithmenos (D:6)
  Pikel (D:8)
  A cyclops (D:9)
  Maurice (Orc:1)
  Joseph (D:8)
  Grinder (D:6)
  Sigmund (D:3)
  2 wargs
  The ghost of Softman25 the Conjurer, an amateur DEFE (D:4)
  6 orc warriors
  A sky beast (D:9)
  A slave (D:8)
  3 ogres
  A phantom (D:9)
  4 centaurs
  4 bullfrogs
  2 scorpions
  A wyvern skeleton (D:6)
  3 killer bees (D:8)
  A jelly (D:7)
  4 wights (D:8)
  2 vampire bats (D:4)
  7 crimson imps
  A centaur zombie (D:7)
  3 hounds
  A centaur skeleton (D:8)
  4 orc priests
  Crazy Yiuf (D:2)
  14 orc wizards
  3 bullfrog skeletons
  Jessica (D:3)
  2 iguanas
  5 worker ants
  A hound zombie (D:7)
  A hound skeleton (D:4)
  A howler monkey zombie (D:5)
  2 worker ant zombies (D:5)
  17 adders
  4 gnolls (D:8)
  2 shadow imps
  4 oozes
  An adder skeleton (D:4)
  3 worms
  2 dart slugs
  6 leopard geckos
  50 orcs
  7 giant cockroaches
  5 goblins
  4 hobgoblins
  6 jackals
  A quokka (D:2)
  A ball python (D:5)
  18 bats
  6 frilled lizards
  8 kobolds
  2 rats
238 creatures vanquished.

Vanquished Creatures (others)
  An iguana (D:8)
  An orc (Orc:1)
2 creatures vanquished.

Grand Total: 240 creatures vanquished

Notes
Turn   | Place    | Note
-------+----------+-------------------------------------------
     0 | D:1      | CanadianGator the Minotaur Monk began the quest for the Orb.
     0 | D:1      | Reached XP level 1. HP: 19/19 MP: 0/0
   166 | D:1      | Reached skill level 4 in Axes
   166 | D:1      | Reached XP level 2. HP: 12/26 MP: 1/1
   372 | D:1      | Reached skill level 1 in Armour
   632 | D:1      | Reached XP level 3. HP: 31/33 MP: 2/2
   927 | D:2      | Found an opulent altar of Gozag.
   927 | D:2      | Found a deep blue altar of Sif Muna.
   974 | D:2      | Found a runed door.
  1041 | D:2      | Reached XP level 4. HP: 38/40 MP: 3/3
  1165 | D:2      | Reached skill level 5 in Axes
  1293 | D:2      | Noticed Crazy Yiuf
  1298 | D:2      | Killed Crazy Yiuf
  1346 | D:3      | Noticed Sigmund
  1348 | D:3      | Gained mutation: Armour fits poorly on your strangely shaped body. [potion of mutation]
  1348 | D:3      | Gained mutation: You are weak. (Str -2) [potion of mutation]
  1348 | D:3      | Gained mutation: You are partially covered in large bone plates. (SH +4) [potion of mutation]
  1361 | D:3      | Killed Sigmund
  1361 | D:3      | Reached skill level 6 in Axes
  1361 | D:3      | Reached XP level 5. HP: 46/47 MP: 4/4
  1361 | D:3      | Reached XP level 6. HP: 51/53 MP: 5/5
  1371 | D:3      | Noticed Jessica
  1387 | D:3      | Killed Jessica
  1681 | D:3      | Found a stormy altar of Qazlal.
  2022 | D:3      | Became a worshipper of Qazlal Stormbringer
  2022 | D:3      | Reached * piety under Qazlal
  2022 | D:3      | Reached ** piety under Qazlal
  2075 | D:4      | Found Tityiseb's Magic Scroll Boutique.
  2077 | D:4      | Bought a scroll of identify for 26 gold pieces
  2077 | D:4      | Bought a scroll of identify for 26 gold pieces
  2079 | D:4      | Lost mutation: You are weak. (Str -2) [potion of beneficial mutation]
  2211 | D:4      | Reached skill level 5 in Fighting
  2323 | D:4      | Noticed Softman25's ghost (amateur DEFE)
  2336 | D:4      | Killed Softman25's ghost
  2336 | D:4      | Reached skill level 7 in Axes
  2336 | D:4      | Reached skill level 5 in Dodging
  2336 | D:4      | Reached XP level 7. HP: 37/61 MP: 6/6
  2605 | D:4      | Bought a scroll of enchant armour for 97 gold pieces
  2659 | D:5      | Entered Level 5 of the Dungeon
  2824 | D:5      | Reached *** piety under Qazlal
  3028 | D:5      | Reached skill level 8 in Axes
  3075 | D:5      | Reached XP level 8. HP: 29/70 MP: 7/7
  3494 | D:5      | Found a blossoming altar of Fedhas.
  3494 | D:5      | Found a snail-covered altar of Cheibriados.
  3495 | D:5      | Found an ancient bone altar of Kikubaaqudgha.
  3568 | D:5      | Found a staircase to the Ecumenical Temple.
  3754 | D:6      | Noticed CanadianGator's ghost (novice OpFi)
  3776 | D:6      | Killed CanadianGator's ghost
  3776 | D:6      | Reached skill level 9 in Axes
  3776 | D:6      | Reached skill level 5 in Armour
  3956 | D:6      | Noticed Grinder
  3979 | D:6      | Killed Grinder
  4621 | D:6      | Reached XP level 9. HP: 79/79 MP: 8/8
  4890 | D:7      | Reached skill level 10 in Axes
  5214 | D:7      | Reached **** piety under Qazlal
  5491 | D:8      | Noticed Joseph
  5500 | D:8      | Noticed Pikel
  5506 | D:8      | Killed Joseph
  5512 | D:8      | Killed Pikel
  5512 | D:8      | Reached skill level 11 in Axes
  5596 | D:8      | Lost mutation: Armour fits poorly on your strangely shaped body. [potion of cure mutation]
  5596 | D:8      | Lost mutation: You are partially covered in large bone plates. (SH +4) [potion of cure mutation]
  5686 | D:8      | Reached XP level 10. HP: 90/90 MP: 9/9
  5969 | D:9      | Noticed a cyclops
  5982 | D:9      | Killed a cyclops
  5982 | D:9      | Reached ***** piety under Qazlal
  6053 | D:9      | Reached skill level 12 in Axes
  6085 | D:9      | Found a staircase to the Orcish Mines.
  6094 | Orc:1    | Entered Level 1 of the Orcish Mines
  6136 | Orc:1    | Noticed Maurice
  6143 | Orc:1    | Killed Maurice
  6217 | Orc:1    | Noticed Erica
  6224 | Orc:1    | Noticed an orc knight
  6229 | Orc:1    | Killed Erica
  6235 | Orc:1    | Killed from afar by an orc priest

Skill      XL: |  1  2  3  4  5  6  7  8  9 10 |
---------------+-------------------------------+-----
Axes           | 4 6 7 8 9 11 12 | 12.8
Armour         | 1 2 3 4 6 7 9 |  9.0
Fighting       | 4 5 7 8 9 |  9.5
Dodging        | 4 5 6 7 8 |  8.9
Stealth        | |  1.5

Action                   |  1- 3 |  4- 6 |  7- 9 | 10-12 || total
-------------------------+-------+-------+-------+-------++-------
Melee: Hand axe          |    72 |   116 |   210 |       ||   398
       Headbutt          |    12 |    20 |    61 |    21 ||   114
       War axe           |       |       |    96 |    17 ||   113
       Battleaxe         |       |       |       |    95 ||    95
  Use: Potion            |       |     7 |     2 |     5 ||    14
       Scroll            |       |    10 |     6 |     2 ||    18
 Stab: Sleeping          |     2 |       |       |       ||     2
  Eat: Chunk             |       |     3 |     8 |     1 ||    12
       Bread ration      |       |       |     1 |       ||     1
Armor: Leather armour    |     4 |     3 |    79 |     1 ||    87
       Robe              |     1 |       |       |       ||     1
       Ring mail         |    16 |    30 |       |       ||    46
       Plate armour      |       |       |       |    55 ||    55
Dodge: Dodged            |    42 |    73 |   143 |    44 ||   302
       Deflected         |       |       |       |     6 ||     6
Block: Other             |       |    19 |   112 |    37 ||   168
